[ AOE2 MATCH · #484175864 ]
UnrankedPortuguese vs Koreans
Player's team · WIN
Rival team · LOSS
[ REPLAY ANALYSIS · EXTRACTED FROM THE RECORDED GAME ]
Feudal
—
Castle
—
Imperial
—
| APM avg | 17.0 |
| APM peak | 38 |
| eAPM avg | 11.8 |
| Villagers / military | 99 / 80 |
Focus
⚔️ 29.1% · 🌾 70.9%
Knight ×30 · Organ Gun ×17 · Spearman ×14 · Bombard Cannon ×8 · Militia ×7 · Monk ×3
Feudal
11:15
Castle
22:19
Imperial
38:39
| APM avg | 33.6 |
| APM peak | 75 |
| eAPM avg | 14.7 |
| Villagers / military | 84 / 114 |
Focus
⚔️ 28.1% · 🌾 71.9%
Archer ×51 · Spearman ×29 · War Wagon ×29 · Trebuchet (Packed) ×4 · Monk ×1
Match map
Initial resources + every placement click. Lines = walls · curves = elevation contours. ◆ gold · ⬟ stone · ● berries · ✦ relic · ◌ wall gap
Your base· Open — unwalled flank
JANN's base· Open — unwalled flank
Smoothed initial terrain · ◌ = detected wall gap · hover for details
Inputs per minute
— bgamerms - - JANN
Build order — bgamerms
First 150 of 269 actions detected
| 0:04 | Create | Villager (Male) ×4 |
| 0:09 | Build | House |
| 1:33 | Create | Villager (Male) |
| 1:40 | Build | House |
| 1:43 | Build | House |
| 1:45 | Build | House |
| 1:53 | Create | Villager (Male) |
| 2:21 | Create | Villager (Male) |
| 2:50 | Create | Villager (Male) |
| 3:02 | Research | Loom |
| 3:03 | Research | Loom |
| 3:24 | Build | Mill |
| 3:28 | Create | Villager (Male) |
| 3:29 | Create | Villager (Male) |
| 4:04 | Create | Villager (Male) |
| 4:04 | Create | Villager (Male) |
| 4:05 | Create | Villager (Male) |
| 4:47 | Create | Villager (Male) |
| 4:47 | Create | Villager (Male) |
| 5:36 | Create | Villager (Male) |
| 5:36 | Create | Villager (Male) |
| 5:37 | Create | Villager (Male) |
| 6:26 | Create | Villager (Male) |
| 6:26 | Create | Villager (Male) |
| 6:37 | Build | Lumber Camp |
| 7:32 | Create | Villager (Male) |
| 7:55 | Create | Villager (Male) |
| 8:22 | Research | Feudal Age |
| 9:04 | Build | Mill |
| 10:10 | Build | Lumber Camp |
| 10:37 | Research | Wheelbarrow |
| 10:57 | Research | Double-Bit Axe |
| 11:16 | Create | Villager (Male) |
| 11:17 | Research | Town Watch |
| 11:18 | Create | Villager (Male) |
| 11:44 | Build | House |
| 11:45 | Build | House |
| 11:47 | Build | House |
| 11:48 | Build | House |
| 11:50 | Build | House |
| 11:57 | Research | Horse Collar |
| 12:02 | Create | Villager (Male) |
| 12:03 | Create | Villager (Male) |
| 12:03 | Create | Villager (Male) |
| 12:09 | Build | Mining Camp |
| 12:31 | Build | Barracks |
| 13:24 | Research | Gold Mining |
| 13:29 | Create | Villager (Male) |
| 13:29 | Create | Villager (Male) |
| 13:30 | Create | Villager (Male) |
| 13:44 | Build | Blacksmith |
| 13:55 | Build | Farm |
| 13:56 | Build | Farm |
| 13:58 | Build | Farm |
| 13:59 | Build | Farm |
| 14:01 | Build | Farm |
| 14:25 | Create | Villager (Male) |
| 14:25 | Create | Villager (Male) |
| 14:38 | Build | Stable |
| 14:50 | Create | Spearman |
| 15:03 | Build | Farm |
| 15:05 | Build | Farm |
| 15:06 | Build | Farm |
| 15:08 | Build | Farm |
| 15:13 | Create | Villager (Male) |
| 15:13 | Create | Villager (Male) |
| 15:29 | Build | Gate |
| 15:33 | Build | House |
| 15:34 | Build | House |
| 15:35 | Build | House |
| 15:46 | Create | Villager (Male) |
| 15:46 | Create | Villager (Male) |
| 16:02 | Build | Farm |
| 16:03 | Build | Farm |
| 16:06 | Build | Farm |
| 16:08 | Build | Farm |
| 16:15 | Create | Scout Cavalry |
| 16:24 | Create | Spearman |
| 16:44 | Build | Farm |
| 17:41 | Build | Mill |
| 17:49 | Create | Villager (Male) |
| 17:49 | Create | Villager (Male) |
| 18:19 | Build | Farm |
| 18:21 | Build | Farm |
| 18:30 | Create | Villager (Male) |
| 19:01 | Build | House |
| 19:03 | Build | House |
| 19:04 | Build | House |
| 19:06 | Build | House |
| 19:08 | Build | House |
| 19:10 | Build | House |
| 19:11 | Build | House |
| 19:15 | Build | House |
| 19:20 | Research | Castle Age |
| 19:34 | Research | Stone Mining |
| 19:45 | Create | Spearman |
| 19:46 | Research | Arson |
| 19:50 | Research | Scale Mail Armor |
| 19:53 | Create | Spearman |
| 20:20 | Research | Forging |
| 20:34 | Research | Bloodlines |
| 20:55 | Build | Mining Camp |
| 21:05 | Research | Scale Barding Armor |
| 22:02 | Research | Hand Cart |
| 22:11 | Build | Town Center |
| 22:15 | Research | Heavy Plow |
| 22:23 | Create | Knight |
| 22:42 | Research | Bow Saw |
| 22:48 | Create | Villager (Male) |
| 22:49 | Create | Villager (Male) |
| 22:49 | Create | Villager (Male) |
| 23:11 | Create | Villager (Male) ×3 |
| 23:25 | Research | Husbandry |
| 23:32 | Create | Knight |
| 23:54 | Build | Farm |
| 23:56 | Build | Farm |
| 23:57 | Build | Farm |
| 24:06 | Research | Stone Shaft Mining |
| 25:06 | Research | Town Patrol |
| 25:07 | Create | Villager (Male) |
| 25:07 | Create | Villager (Male) |
| 25:07 | Create | Villager (Male) |
| 25:11 | Create | Villager (Male) ×3 |
| 25:23 | Build | Town Center |
| 25:43 | Create | Villager (Male) |
| 25:44 | Create | Villager (Male) |
| 26:19 | Create | Knight |
| 26:19 | Create | Knight |
| 26:26 | Research | Iron Casting |
| 27:08 | Create | Villager (Male) ×5 |
| 27:16 | Build | Town Center |
| 28:14 | Create | Knight |
| 28:14 | Create | Knight |
| 28:14 | Create | Knight |
| 28:17 | Research | Chain Barding Armor |
| 28:18 | Research | Chain Mail Armor |
| 28:25 | Create | Militia |
| 28:26 | Create | Militia |
| 28:26 | Create | Militia |
| 28:56 | Build | Farm |
| 28:58 | Build | Farm |
| 28:59 | Build | Farm |
| 29:01 | Build | Farm |
| 29:03 | Build | Mill |
| 29:06 | Build | Farm |
| 29:09 | Create | Villager (Male) ×5 |
| 29:12 | Build | Farm |
| 29:40 | Build | Town Center |
| 29:50 | Create | Villager (Male) ×5 |
| 30:05 | Build | Farm |
Build order — JANN
First 150 of 297 actions detected
| 0:02 | Build | House |
| 0:05 | Build | House |
| 0:07 | Create | Villager (Male) |
| 0:08 | Create | Villager (Male) |
| 0:08 | Create | Villager (Male) |
| 0:38 | Create | Villager (Male) |
| 0:39 | Create | Villager (Male) |
| 1:47 | Create | Villager (Male) |
| 1:47 | Create | Villager (Male) |
| 2:11 | Create | Villager (Male) |
| 2:11 | Create | Villager (Male) |
| 2:49 | Create | Villager (Male) |
| 3:11 | Create | Villager (Male) |
| 3:19 | Create | Villager (Male) |
| 3:59 | Build | House |
| 4:03 | Create | Villager (Male) |
| 4:30 | Create | Villager (Male) |
| 4:44 | Create | Villager (Male) |
| 5:08 | Create | Villager (Male) |
| 5:29 | Create | Villager (Male) |
| 5:50 | Create | Villager (Male) |
| 6:06 | Build | Barracks |
| 6:18 | Build | House |
| 6:45 | Create | Villager (Male) |
| 7:00 | Build | Mill |
| 7:34 | Build | Palisade Wall |
| 7:35 | Build | Palisade Wall |
| 7:40 | Create | Villager (Male) |
| 8:08 | Create | Villager (Male) |
| 8:16 | Build | House |
| 8:34 | Create | Villager (Male) |
| 9:02 | Research | Loom |
| 9:05 | Research | Feudal Age |
| 10:29 | Build | House |
| 10:46 | Build | Lumber Camp |
| 11:04 | Build | Palisade Wall |
| 11:11 | Build | Farm |
| 11:13 | Build | Farm |
| 11:15 | Age | Feudal Age |
| 11:20 | Research | Double-Bit Axe |
| 11:23 | Build | Farm |
| 11:49 | Create | Villager (Male) |
| 11:55 | Create | Villager (Male) |
| 11:56 | Create | Villager (Male) |
| 12:16 | Build | Lumber Camp |
| 12:24 | Build | Mining Camp |
| 12:27 | Create | Villager (Male) |
| 12:32 | Build | Farm |
| 12:34 | Build | Farm |
| 13:11 | Build | House |
| 13:13 | Build | House |
| 13:44 | Research | Gold Mining |
| 14:00 | Create | Villager (Male) |
| 14:00 | Create | Villager (Male) |
| 14:09 | Build | Farm |
| 14:20 | Build | Market |
| 14:46 | Build | Farm |
| 14:48 | Create | Villager (Male) |
| 14:52 | Create | Villager (Male) |
| 14:52 | Research | Loom |
| 14:54 | Build | Farm |
| 15:10 | Build | Blacksmith |
| 15:20 | Build | Farm |
| 15:26 | Create | Villager (Male) |
| 15:41 | Create | Spearman |
| 15:48 | Build | Farm |
| 15:51 | Research | Horse Collar |
| 16:12 | Create | Villager (Male) |
| 16:12 | Research | Loom |
| 16:16 | Build | Farm |
| 16:37 | Build | Mining Camp |
| 16:42 | Build | Mining Camp |
| 16:45 | Create | Villager (Male) |
| 16:55 | Build | Farm |
| 17:04 | Create | Villager (Male) |
| 17:36 | Research | Fletching |
| 17:45 | Build | Archery Range |
| 18:03 | Create | Villager (Male) |
| 18:05 | Build | Farm |
| 18:16 | Build | House |
| 18:22 | Build | House |
| 18:27 | Create | Villager (Male) |
| 18:53 | Create | Archer |
| 18:54 | Create | Archer |
| 19:01 | Build | Farm |
| 19:39 | Research | Castle Age |
| 19:42 | Create | Villager (Male) |
| 19:42 | Create | Villager (Male) |
| 20:12 | Build | Palisade Wall |
| 20:15 | Build | Palisade Wall |
| 20:22 | Create | Archer |
| 20:23 | Create | Archer |
| 20:58 | Build | Mining Camp |
| 21:07 | Create | Villager (Male) |
| 21:08 | Create | Villager (Male) |
| 21:23 | Create | Archer |
| 21:34 | Research | Stone Mining |
| 21:52 | Create | Archer |
| 22:19 | Age | Castle Age |
| 22:22 | Research | Bow Saw |
| 22:25 | Research | Wheelbarrow |
| 22:30 | Research | Bodkin Arrow |
| 23:10 | Build | University |
| 23:18 | Create | Villager (Male) |
| 23:34 | Build | Palisade Gate |
| 23:42 | Create | Villager (Male) |
| 23:49 | Research | Crossbowman (upgrade) |
| 23:55 | Create | Archer |
| 24:41 | Build | Watch Tower |
| 25:05 | Create | Spearman |
| 25:30 | Create | Villager (Male) |
| 25:30 | Create | Villager (Male) |
| 25:30 | Create | Villager (Male) |
| 25:31 | Create | Villager (Male) |
| 25:39 | Build | Town Center |
| 25:52 | Research | Ballistics |
| 25:54 | Create | Archer |
| 25:54 | Create | Archer |
| 25:55 | Create | Archer |
| 25:59 | Create | Spearman |
| 26:04 | Research | Squires |
| 26:42 | Create | Villager (Male) |
| 26:47 | Build | Farm |
| 27:31 | Create | Villager (Male) |
| 27:32 | Create | Villager (Male) |
| 27:33 | Research | Town Watch |
| 27:35 | Create | Villager (Male) |
| 28:21 | Create | Archer |
| 28:21 | Create | Archer |
| 28:26 | Research | Gold Shaft Mining |
| 29:03 | Research | Pikeman (upgrade) |
| 29:05 | Create | Spearman |
| 29:05 | Create | Spearman |
| 29:07 | Create | Archer |
| 29:08 | Create | Archer |
| 29:10 | Research | Thumb Ring |
| 29:37 | Create | Villager (Male) |
| 29:41 | Research | Town Patrol |
| 29:53 | Build | Farm |
| 29:56 | Build | Farm |
| 30:40 | Build | Castle |
| 30:43 | Create | Villager (Male) |
| 30:43 | Create | Villager (Male) |
| 30:44 | Create | Villager (Male) |
| 30:48 | Create | Villager (Male) |
| 30:48 | Create | Villager (Male) |
| 30:59 | Create | Villager (Male) |
| 31:43 | Build | House |
| 31:44 | Build | House |
| 31:45 | Build | House |
Match timeline
| 6:06 | JANN · first_building Barracks |
| 7:34 | JANN · wall_segment Palisade Wall x1 |
| 7:35 | JANN · wall_segment Palisade Wall x1 |
| 11:04 | JANN · wall_segment Palisade Wall x8 |
| 11:15 | JANN · age_up feudal |
| 12:31 | bgamerms · first_building Barracks |
| 14:38 | bgamerms · first_building Stable |
| 17:45 | JANN · first_building Archery Range |
| 19:09 | JANN · first_market_buy 100 food |
| 19:14 | JANN · first_market_sell 100 wood |
| 20:12 | JANN · wall_segment Palisade Wall x6 |
| 20:15 | JANN · wall_segment Palisade Wall x13 |
| 22:19 | JANN · age_up castle |
| 30:40 | JANN · first_building Castle |
| 31:23 | bgamerms · first_building Castle |
| 33:22 | JANN · first_building Monastery |
| 37:42 | bgamerms · first_building Monastery |
| 38:39 | JANN · age_up imperial |
| 41:22 | bgamerms · first_building Siege Workshop |
| 42:45 | bgamerms · wall_segment Stone Wall x1 |
| 42:46 | bgamerms · wall_segment Stone Wall x1 |
| 48:15 | JANN · resign |
[ AI ANALYSIS · 1 CREDIT ]
What really happened in this match?
Wolo.gg analyzes every decision: build order, eco, micro, common mistakes by bracket. Personalized analysis on WhatsApp or Discord in 30 seconds.
Civ guide
Portuguese
Perfil
Jugador #9006549